 Dungeon Crawl Stone Soup version 0.30.1-4-g462c640d31 (webtiles) character file.

Game seed: 9959189808811597958

6868 spardeous the Destroyer (level 10, -6/69 HPs)
             Began as a Demigod Conjurer on Aug 11, 2023.
             Killed by divine providence
             ... invoked by an orc priest
              (14 damage)
             ... on level 9 of the Dungeon.
             The game lasted 00:19:26 (11511 turns).

spardeous the Destroyer (Demigod Conjurer)         Turns: 11511, Time: 00:19:26

Health: -6/69      AC:  4    Str: 18    XL:     10   Next: 50%
Magic:  10/27      EV: 12    Int: 28    God:
Gold:   631        SH:  0    Dex: 12    Spells: 15/26 levels left

rFire   + . .        V - +9 battleaxe "Potwoewu" {freeze, rCorr Stlth+}
rCold   . . .        (shield currently unavailable)
rNeg    . . .        a - +0 robe
rPois   .            h - +0 helmet
rElec   .            (no cloak)
rCorr   +            G - +0 pair of gloves
SInv    .            (no boots)
Will    +....        u - amulet of magic regeneration
Stlth   +++          j - ring of protection from fire
HPRegen 0.31/turn    l - +6 ring of strength
MPRegen 0.60/turn

%: no passive effects
@: studying Maces & Flails
A: high MP 1, forlorn, divine attributes
a: no special abilities


You were on level 9 of the Dungeon.
You visited 1 branch of the dungeon, and saw 9 of its levels.
You also visited: Bailey.

You collected 631 gold pieces.

Inventory:

Hand Weapons
 o - a +3 triple sword
 p - a +4 whip
 q - a +2 dagger of speed
 T - a +4 broad axe
 V - the +9 battleaxe "Potwoewu" (weapon) {freeze, rCorr Stlth+}
   (You found it in a bailey)

   rCorr:     It protects you from acid and corrosion.
   Stlth:     It makes you more stealthy.
Armour
 a - a +0 robe (worn)
 f - a +0 ring mail
 g - a +0 pair of gloves
 h - a +0 helmet (worn)
 G - a +0 pair of gloves (worn)
Jewellery
 j - a ring of protection from fire (left hand)
 l - a +6 ring of strength (right hand)
 t - an amulet of reflection
 u - an amulet of magic regeneration (around neck)
 B - a ring of flight
 J - a ring of positive energy
 K - a ring of fire
 Z - a +6 ring of dexterity
Wands
 C - a wand of digging (7)
 E - a wand of polymorph (18)
 L - a wand of mindburst (8)
Scrolls
 c - 5 scrolls of teleportation {unknown}
 d - 5 scrolls of identify {unknown}
 e - a scroll of amnesia {unknown}
 k - a scroll of noise {unknown}
 n - 3 scrolls of vulnerability {unknown}
 r - a scroll of immolation {unknown}
 y - 3 scrolls of fog {unknown}
 z - 4 scrolls of blinking {unknown}
 A - 3 scrolls of enchant armour {unknown}
 D - a scroll of poison {unknown}
 N - a scroll of magic mapping {unknown}
 P - 2 scrolls of butterflies {unknown}
 R - a scroll of brand weapon {unknown}
 U - a scroll of acquirement
 X - a scroll of fear {unknown}
Potions
 b - 3 potions of magic
 i - 3 potions of brilliance {unknown}
 m - a potion of cancellation {unknown}
 s - 3 potions of heal wounds {unknown}
 v - 4 potions of curing {unknown}
 w - 2 potions of ambrosia {unknown}
 x - 2 potions of invisibility {unknown}
 F - 2 potions of flight {unknown}
 H - a potion of degeneration {unknown}
 I - a potion of attraction {unknown}
 M - a potion of lignification {unknown}
 O - 2 potions of resistance {unknown}
 Q - a potion of mutation {unknown}
 S - 2 potions of haste {unknown}
 Y - a potion of might {unknown}
Miscellaneous
 W - a lightning rod (4/4)


   Skills:
 - Level 1.7 Dodging
 - Level 1.7 Stealth
 + Level 8.7 Spellcasting
 + Level 10.0 Conjurations
 + Level 7.8 Translocations


You had 15 spell levels left.
You knew the following spells:

 Your Spells              Type           Power      Damage    Failure   Level
a - Magic Dart            Conj           100%       1d8       1%          1
b - Searing Ray           Conj           100%       2d8       1%          2
c - Iskenderun's Mystic   Conj/Tloc      58%        2d12      1%          4
d - Fulminant Prism       Conj/Hex       20%        3d12      6%          4

Your spell library contained the following spells:

 Spells                   Type           Power      Damage    Failure   Level
 Dazzling Flash           Conj/Hex       80%        N/A       1%          3
 Passage of Golubria      Tloc           54%        N/A       1%          4
 Tukima's Dance           Hex            12%        N/A       14%         3
 Yara's Violent Unravell  Hex/Tmut       6%         3d5       77%         5


Dungeon Overview and Level Annotations

Branches:
Dungeon (9/15)             Temple (0/1) D:6          Bailey (visited)
   Lair: D:8-11         Orc: D:9-12

Shops:
D:4 (   D:6 *


Innate Abilities, Weirdness & Mutations

You have an increased reservoir of magic. (+10% MP)
You shall have no god before yourself.
Your divine heritage dramatically boosts your attributes as you level up.


Message History

The killer bee is knocked back by the mystic blast.
The orc warrior shoots a bolt.
The bolt hits you!!
* * * LOW HITPOINT WARNING * * *
You take 24 damage, and have 30/69 hp.
MASSIVE DAMAGE!!
You now have 19/26 mp.
Casting: Iskenderun's Mystic Blast (dangerous; 1% risk of failure)
Confirm with . or Enter, or press ? or * to list all spells.
You erupt in a blast of force!
The mystic blast hits the vampire mosquito!!
You destroy the vampire mosquito!
The mystic blast hits the killer bee!!
You kill the killer bee!
The mystic blast hits the vampire mosquito!
The vampire mosquito is almost destroyed.
The vampire mosquito is knocked back by the mystic blast.
The orc priest miscasts a cantrip.
You now have 16/26 mp.
Casting: Iskenderun's Mystic Blast (dangerous; 1% risk of failure)
Confirm with . or Enter, or press ? or * to list all spells.
You erupt in a blast of force!
The mystic blast hits the vampire mosquito.
The vampire mosquito is almost destroyed.
The vampire mosquito is knocked back by the mystic blast.
The mystic blast hits the killer bee!!
You kill the killer bee!
The orc warrior shoots a bolt.
The bolt hits you!!
* * * LOW HITPOINT WARNING * * *
You take 23 damage, and have 7/69 hp.
MASSIVE DAMAGE!!
You now have 12/26 mp.
Casting: Iskenderun's Mystic Blast (dangerous; 1% risk of failure)
Confirm with . or Enter, or press ? or * to list all spells.
You erupt in a blast of force!
The mystic blast hits the vampire mosquito!
You destroy the vampire mosquito!
The mystic blast hits the vampire mosquito!
You destroy the vampire mosquito!
Your Conjurations skill increases to level 10!
You now have 9/27 mp.
Okay, then.
The orc priest invokes the aid of Beogh against you.
Beogh smites you!
You die...

...... .......
#.....##.......
......$........
..oo...........
......?.>......
.....).........
.......!†......
.....))@#
.....)..[#
.....†.).#
..........
..........#
.........##
...#<.....
##.##.....


You could see an orc warrior and an orc priest.

Vanquished Creatures
  An orc warlord (Bailey)
  An ugly thing (D:8)
  Joseph (D:8)
  4 vampire mosquitoes (D:9)
  A water moccasin (D:7)
  4 sky beasts
  13 orc warriors (Bailey)
  3 black bears
  3 centaurs
  4 ogres
  2 kobold brigands
  A bullfrog (D:8)
  2 scorpions (D:5)
  A gnoll sergeant (D:9)
  A wight (D:6)
  6 killer bees (D:9)
  5 howler monkeys
  5 hounds
  4 jellies
  14 orc priests
  A gnoll bouda (D:5)
  A sleepcap (D:7)
  2 iguanas (D:6)
  9 orc wizards
  Robin (D:2)
  13 gnolls
  5 adders
  An ufetubus (D:6)
  4 dart slugs
  42 orcs
  3 bats (D:1)
  8 endoplasms
  3 giant cockroaches (D:1)
  30 goblins
  19 hobgoblins
  3 jackals (D:5)
  4 quokkas
  2 ball pythons (D:1)
  13 frilled lizards (D:6)
  13 kobolds
  8 rats
  2 fulminant prisms (Bailey)
263 creatures vanquished.

Vanquished Creatures (others)
  11 fulminant prisms (Bailey)
11 creatures vanquished.

Grand Total: 274 creatures vanquished

Notes
Turn   | Place    | Note
-------+----------+-------------------------------------------
     0 | D:1      | spardeous the Demigod Conjurer began the quest for the Orb.
     0 | D:1      | Reached XP level 1. HP: 14/14 MP: 5/5
   359 | D:1      | Reached XP level 2. HP: 20/20 MP: 5/7
   603 | D:1      | Reached skill level 4 in Conjurations
  1463 | D:2      | Reached XP level 3. HP: 26/26 MP: 7/9
  2017 | D:2      | Learned a level 2 spell: Searing Ray
  2025 | D:2      | Noticed Robin
  2120 | D:2      | Killed Robin
  2121 | D:2      | Reached XP level 4. HP: 33/33 MP: 2/11
  3339 | D:3      | Learned a level 4 spell: Iskenderun's Mystic Blast
  4065 | D:4      | Reached XP level 5. HP: 38/38 MP: 8/13
  4067 | D:4      | Reached skill level 5 in Conjurations
  4364 | D:4      | Noticed an ogre
  4379 | D:4      | Killed an ogre
  4380 | D:4      | Reached XP level 6. HP: 45/45 MP: 9/15
  4795 | D:4      | Found Goomi's Weapon Boutique.
  4855 | D:4      | Reached skill level 6 in Conjurations
  5238 | D:5      | Entered Level 5 of the Dungeon
  5244 | D:5      | Reached XP level 7. HP: 45/50 MP: 12/17
  5305 | D:5      | Reached skill level 1 in Translocations
  5310 | D:5      | Reached skill level 5 in Spellcasting
  6418 | D:6      | Reached skill level 7 in Conjurations
  6418 | D:6      | Reached XP level 8. HP: 57/57 MP: 16/20
  6854 | D:6      | Found a staircase to the Ecumenical Temple.
  7130 | D:6      | Found Koqyttee's Lightly-Used Armoury.
  7784 | D:7      | Found a flagged portal.
  7825 | Bailey   | Entered a bailey
  7938 | Bailey   | Reached skill level 8 in Conjurations
  7992 | Bailey   | Reached skill level 5 in Translocations
  7992 | Bailey   | Reached XP level 9. HP: 53/62 MP: 1/23
  8265 | Bailey   | Noticed an orc warlord
  8551 | Bailey   | Learned a level 4 spell: Fulminant Prism
  8822 | Bailey   | Killed an orc warlord
  8823 | Bailey   | Reached skill level 9 in Conjurations
  8885 | Bailey   | Identified the +9 battleaxe "Potwoewu" {freeze, rCorr
                  | Stlth+}
  9667 | D:8      | Reached XP level 10. HP: 69/69 MP: 26/26
 10053 | D:8      | Noticed a purple ugly thing
 10075 | D:8      | Killed a purple ugly thing
 10368 | D:8      | Noticed Joseph
 10377 | D:8      | Killed Joseph
 11511 | D:9      | Reached skill level 10 in Conjurations
 11511 | D:9      | Killed from afar by an orc priest

Illustrated notes

Levels and vault maps discovered:
D:1:      elethiomel_arrival_diamonds, layout_basic
D:2:      layout_rooms, corexii_leaking_fountain, uniq_robin
D:3:      layout_loops_ring, nicolae_ru_the_path_less_chosen,
          ebering_ecumenical_altar_abandoned
D:4:      layout_basic, trog_ov_bears_minmay, serial_shops, shop,
          nicolae_hexahallways, hangedman_abyss_or_decor_passed
D:5:      layout_basic
D:6:      minmay_spotlight, layout_layer_cave,
          minmay_temple_entry_statues_pillars, minmay_shop_damaged,
          minmay_misc_feat_more_columns, kennysheep_nub, minmay_lizard_king
D:7:      layout_loops_corners, lemuel_crystal_altar,
          mainiacjoe_overflow_24_doors, enter_bailey_3
D:8:      layout_basic, uniq_joseph
D:9:      layout_cave_pools, uniq_erica

Skill      XL: |  1  2  3  4  5  6  7  8  9 10 |
---------------+-------------------------------+-----
Spellcasting   | 2 3 4 5 6 7 8 |  8.7
Conjurations   | 4 5 6 7 8 9 10 | 10.0
Translocations | 3 5 6 7 |  7.8
Dodging        | |  1.7
Stealth        | |  1.7

Action                     |  1- 3 |  4- 6 |  7- 9 | 10-12 || total
---------------------------+-------+-------+-------+-------++-------
  Melee: Unarmed           |    10 |       |       |       ||    10
         Dagger            |       |       |    12 |       ||    12
         Battleaxe         |       |       |    12 |    35 ||    47
   Cast: Magic Dart        |   110 |    60 |    60 |       ||   230
         Searing Ray       |     2 |    14 |    37 |       ||    53
         Iskenderun's Myst |       |       |    75 |    45 ||   120
         Fulminant Prism   |       |       |    13 |       ||    13
   Stab: Sleeping          |       |       |     1 |       ||     1
 Armour: Robe              |     4 |       |       |     1 ||     5
         Ring mail         |     2 |     9 |    33 |    26 ||    70
  Dodge: Dodged            |    15 |    15 |    60 |    38 ||   128
  Block: Other             |       |     1 |       |       ||     1
